 Dungeon Crawl Stone Soup version 0.28-a0-661-g144af121cd (webtiles) character file.

Game seed: 5274134485155814347

17460 KristoblXynda the Covert (level 12, -8/68 HPs)
             Began as a Kobold Gladiator on Oct 14, 2021.
             Was an Elder of Dithmenos.
             Shot with a bolt by a yaktaur (32 damage)
             ... on level 12 of the Dungeon.
             The game lasted 00:19:08 (13471 turns).

KristoblXynda the Covert (Kobold Gladiator)        Turns: 13471, Time: 00:19:14

Health: -8/68      AC: 10    Str: 16    XL:     12   Next: 82%
Magic:  17/17      EV: 25    Int: 11    God:    Dithmenos [****..]
Gold:   459        SH:  5    Dex: 16    Spells: 8/11 levels left

rFire   . . .      SeeInvis +   a - +1 rapier (drain)
rCold   + + +      Faith    .   (shield restricted)
rNeg    . . .      Spirit   .   n - +1 troll leather armour {Purgy}
rPois   +          Reflect  +   c - +0 helmet
rElec   .          Harm     .   I - +1 cloak
rCorr   .          Rampage  .   u - +0 pair of gloves
Will    .....                   (no boots)
Stlth   ++++++++++              v - amulet "Kiphoj Nineo" {Reflect rPois rC+++ Str-5 SH+5 SInv}
HPRegen 1.21/turn               g - +4 ring of evasion
MPRegen 0.15/turn               l - +6 ring of strength

@: wreathed by umbra
A: small, no large weapons, nightstalker 3
a: Renounce Religion, Shadow Step


You were on level 12 of the Dungeon.
You worshipped Dithmenos.
Dithmenos was greatly pleased with you.
You visited 2 branches of the dungeon, and saw 13 of its levels.
You also visited: Sewer.

You collected 593 gold pieces.
You spent 134 gold pieces at shops.

Inventory:

Hand Weapons
 a - a +1 rapier of draining (weapon)
Missiles
 d - 2 throwing nets (quivered)
Armour
 c - a +0 helmet (worn)
 n - a +1 troll leather armour (worn) {Purgy}
 u - a +0 pair of gloves (worn)
 w - a +0 buckler
 I - a +1 cloak (worn)
Jewellery
 e - a ring of flight
 g - a +4 ring of evasion (left hand)
 l - a +6 ring of strength (right hand)
 v - the amulet "Kiphoj Nineo" (around neck) {Reflect rPois rC+++ Str-5 SH+5 SInv}
   (You acquired it on level 8 of the Dungeon)

   [amulet of reflection]

   It reflects blocked missile attacks.
   Str:       It affects your strength (-5).
   rC:        It renders you almost immune to cold.
   rPois:     It protects you from poison.
   SInv:      It lets you see invisible.
   SH:        It affects your SH (+5).
 y - a ring of protection from fire
 z - a ring of wizardry
Wands
 i - a wand of digging (7)
 k - a wand of mindburst (16)
 q - a wand of iceblast (5)
 J - a wand of acid (7)
 K - a wand of paralysis (2)
Scrolls
 b - 3 scrolls of amnesia
 x - a scroll of enchant armour
 A - a scroll of fog
 D - 3 scrolls of magic mapping
 F - a scroll of fear
Potions
 f - 2 potions of flight
 h - a potion of heal wounds
 j - 2 potions of attraction
 m - 3 potions of haste
 o - 4 potions of curing
 p - a potion of magic {unknown}
 r - 5 potions of brilliance
 s - 2 potions of cancellation
 B - a potion of berserk rage
 C - 3 potions of mutation
 E - a potion of ambrosia
 G - a potion of might
 M - a potion of lignification
Miscellaneous
 t - a piece from Xom's chessboard (15/15)


   Skills:
 - Level 5.0 Fighting
 + Level 12.8 Short Blades
 - Level 2.1 Throwing
 - Level 4.0 Armour
 + Level 12.0 Dodging
 + Level 13.5 Stealth
 + Level 7.0 Invocations
 + Level 8.5 Evocations


You had 8 spell levels left.
You knew the following spells:

 Your Spells              Type           Power      Damage    Failure   Level
a - Tukima's Dance        Hex            0%         N/A       77%         3

Your spell library contained the following spells:

 Spells                   Type           Power      Damage    Failure   Level
 Foxfire                  Conj/Fire      0%         2x1d4     38%         1
 Ensorcelled Hibernation  Hex/Ice        0%         N/A       54%         2
 Static Discharge         Conj/Air       0%         N/A       54%         2
 Conjure Flame            Conj/Fire      0%         6-21      77%         3
 Inner Flame              Hex/Fire       0%         N/A       77%         3
 Flame Wave               Conj/Fire      0%         3d3       99%         4
 Hailstorm                Conj/Ice       0%         3d3       99%         4
 Ice Form                 Ice/Tmut       0%         N/A       99%         4
 Lightning Bolt           Conj/Air       0%         1d11      100%        5
 Conjure Ball Lightning   Conj/Air       0%         3x3d6     100%        6
 Simulacrum               Ice/Necr       0%         N/A       100%        6
 Discord                  Hex            0%         N/A       100%        8
 Disjunction              Tloc           0%         N/A       100%        8
 Maxwell's Capacitive Co  Air            0%         ∞         100%        8


Dungeon Overview and Level Annotations

Branches:
Dungeon (12/15)            Temple (1/1) D:5            Lair (0/6) D:11
    Orc (0/2) D:12          Sewer (visited)

Altars:
Ashenzari
Cheibriados
Dithmenos
Elyvilon
Fedhas
Gozag
Hepliaklqana
Kikubaaqudgha
Makhleb
Nemelex Xobeh
Okawaru
Qazlal
Ru
Sif Muna
Trog
Uskayaw
Vehumet
Wu Jian
Xom
Yredelemnul
Zin
The Shining One

Shops:
D:6 *?(


Innate Abilities, Weirdness & Mutations

You are small and have problems with some larger weapons.
You are completely attuned to the shadows.


Message History

The shadow is heavily damaged.
The shadow closely misses you.
You hit the shadow.
The shadow is severely damaged.
You hit the shadow.
The shadow is severely damaged.
The shadow misses you.
You hit the shadow.
The shadow is almost destroyed.
The shadow barely misses you.
You hit the shadow but do no damage.
The shadow is almost destroyed.
You hit the shadow but do no damage.
The shadow is almost destroyed.
The shadow completely misses you.
You hit the shadow.
The shadow is almost destroyed.
You puncture the shadow!
You destroy the shadow!
Dithmenos accepts your kill. The orc knight barely misses you.
Aiming: Paralyse
Press: ? - help, Shift-Dir - straight line, f - orc knight
Aim: an orc knight, wielding a +1 great mace, wearing a +1 chain mail of poison resistance and wearing the ring of Leaves {+Blink rF+ EV+4 Int-5 Stlth+} (umbra, chance to affect: 51%)
The orc knight resists with significant effort.
The orc knight hits you with a +1 great mace!!
You emit a cloud of dark smoke.
You hear a roar!
Aiming: Paralyse
Press: ? - help, Shift-Dir - straight line, f/p - orc knight
Aim: an orc knight, wielding a +1 great mace, wearing a +1 chain mail of poison resistance and wearing the ring of Leaves {+Blink rF+ EV+4 Int-5 Stlth+} (black smoke, umbra, chance to affect: 51%)
The orc knight suddenly stops moving!
Unknown command.
The helpless orc knight fails to defend itself.
You stick the orc knight like a pincushion!!!!
You kill the orc knight!
Dithmenos accepts your kill.
The yaktaur wields a +0 arbalest.
The yaktaur shoots a bolt.
The bolt hits you!!
You die...

#.# ##.# #.###
##... #...#
.....[ ######...#
.#.... .........#
#....
.###........#
##...
.....§..#.#.#
#### #§##.#.#.# .
#@##.#.#.#
..##§##.#.#.#
....c##.#.#.###.
......#.#.......
#+###...#.....###
#.......##..
##..§..##..#
.###o###..#
....Wc...#


You could see a yaktaur.

Vanquished Creatures
  A centaur warrior (D:12)
  2 hydras (D:12)
  3 two-headed ogres
  Sonja (D:10)
  Nergalle (D:10)
  An orc knight (D:12)
  2 manticores (D:12)
  A gargoyle (D:12)
  An unseen horror (D:11)
  Psyche (D:11)
  A tengu conjurer (D:12)
  2 trolls
  Grinder (D:3)
  3 slime creatures (D:12)
  Prince Ribbit (D:7)
  2 shadows
  2 wraiths
  18 yaks
  A wyvern (D:9)
  A vampire mosquito (D:12)
  3 steam dragons
  A water moccasin (D:7)
  Duvessa (D:7)
  Purgy (Sewer)
  6 orc warriors
  2 sky beasts (D:6)
  2 black bears
  An ice beast (D:6)
  4 ogres
  A boggart (D:12)
  3 centaurs
  2 kobold brigands (D:9)
  A wyvern zombie (D:8)
  2 gnoll sergeants
  3 scorpions
  A bullfrog (D:8)
  Dowan (D:7)
  A water moccasin zombie (D:6)
  15 killer bees
  An electric eel (D:6)
  A vampire bat (D:5)
  6 wights
  3 centaur zombies
  4 hounds
  4 jellies
  4 orc priests
  2 centaur skeletons
  A bullfrog skeleton (D:6)
  Crazy Yiuf (D:7)
  2 iguanas
  A scorpion zombie (D:5)
  Natasha (thrice) (D:3)
  Terence (D:3)
  19 orc wizards
  Robin (D:3)
  9 adders
  12 gnolls
  A howler monkey skeleton (D:6)
  2 shadow imps
  A white imp (D:5)
  An ufetubus (D:5)
  A worm (D:2)
  4 dart slugs
  41 orcs
  2 ball pythons
  2 bat skeletons (D:5)
  3 bat zombies (D:5)
  4 endoplasms
  4 giant cockroaches
  12 goblins
  4 hobgoblins
  6 jackals (D:1)
  2 quokkas
  8 bats
  12 frilled lizards (D:2)
  12 kobolds
  3 rats (D:1)
297 creatures vanquished.

Vanquished Creatures (others)
  An orc wizard (D:12)
  5 plants (D:2)
6 creatures vanquished.

Grand Total: 303 creatures vanquished

Notes
Turn   | Place    | Note
-------+----------+-------------------------------------------
     0 | D:1      | KristoblXynda the Kobold Gladiator began the quest for the
                  | Orb.
     0 | D:1      | Reached XP level 1. HP: 12/12 MP: 1/1
   110 | D:1      | Reached XP level 2. HP: 18/18 MP: 2/2
   145 | D:1      | Reached skill level 1 in Stealth
   220 | D:1      | Reached XP level 3. HP: 7/22 MP: 3/3
   684 | D:1      | Found a faded altar of an unknown god.
  1055 | D:2      | Reached skill level 2 in Stealth
  1064 | D:2      | Reached XP level 4. HP: 15/27 MP: 4/4
  2007 | D:2      | Reached XP level 5. HP: 31/32 MP: 5/5
  2222 | D:3      | Noticed an ogre
  2225 | D:3      | Reached skill level 3 in Stealth
  2235 | D:2      | Reached skill level 5 in Short Blades
  2500 | D:3      | Found a glowing silver altar of Zin.
  2500 | D:3      | Found a radiant altar of Vehumet.
  2504 | D:3      | Found a shimmering altar of Xom.
  2511 | D:3      | Found an ornate altar of the Wu Jian Council.
  2516 | D:3      | Found a burning altar of Makhleb.
  2519 | D:3      | Found a white marble altar of Elyvilon.
  2567 | D:3      | Killed an ogre
  2568 | D:3      | Reached XP level 6. HP: 17/38 MP: 6/6
  2903 | D:3      | Noticed Natasha
  2921 | D:3      | Killed Natasha
  3275 | D:3      | Noticed Grinder
  3277 | D:3      | Noticed Robin
  3293 | D:3      | Noticed Natasha
  3301 | D:3      | Killed Natasha
  3302 | D:3      | Reached skill level 5 in Dodging
  3302 | D:3      | Reached skill level 4 in Stealth
  3529 | D:3      | Noticed Terence
  3531 | D:3      | Killed Terence
  3606 | D:3      | Noticed Natasha
  3616 | D:3      | Killed Natasha
  3703 | D:3      | Paralysed by Grinder for 6 turns
  3724 | D:3      | Killed Grinder
  3725 | D:3      | Reached skill level 5 in Stealth
  3725 | D:3      | Reached XP level 7. HP: 31/44 MP: 7/7
  3921 | D:3      | Killed Robin
  4440 | D:4      | Found a glowing drain.
  4477 | Sewer    | Entered a sewer
  4542 | Sewer    | Noticed Purgy
  4562 | Sewer    | Killed Purgy
  4768 | D:4      | Reached skill level 5 in Fighting
  4768 | D:4      | Reached XP level 8. HP: 49/49 MP: 8/8
  5363 | D:5      | Entered Level 5 of the Dungeon
  5421 | D:5      | Found a hazy altar of Hepliaklqana.
  5550 | D:5      | Reached skill level 6 in Stealth
  5707 | D:5      | Found an ancient bone altar of Kikubaaqudgha.
  5756 | D:5      | Reached skill level 1 in Armour
  5860 | D:5      | Found a staircase to the Ecumenical Temple.
  5866 | Temple   | Entered the Ecumenical Temple
  6005 | Temple   | Became a worshipper of Dithmenos the Shadowed
  6930 | D:6      | Found a sacrificial altar of Ru.
  7019 | D:6      | Reached skill level 7 in Stealth
  7050 | D:6      | Found a stormy altar of Qazlal.
  7050 | D:6      | Noticed a troll
  7053 | D:6      | Killed a troll
  7054 | D:6      | Reached XP level 9. HP: 54/54 MP: 9/9
  7147 | D:6      | Found Qozoppatz's General Store.
  7149 | D:6      | Found Pela's Magic Scroll Shop.
  7151 | D:6      | Bought a potion of might for 44 gold pieces
  7151 | D:6      | Found Illoymn's Antique Weapon Boutique.
  7153 | D:6      | Bought a scroll of enchant weapon for 90 gold pieces
  7198 | D:6      | Noticed a +0 spear
  7198 | D:6      | Noticed a +0 short sword
  7198 | D:6      | Noticed a +0 short sword
  7198 | D:6      | Noticed a +0 falchion
  7200 | D:6      | Noticed a +0 dagger
  7200 | D:6      | Noticed a +0 falchion
  7201 | D:6      | Noticed a +0 dagger
  7213 | D:6      | Reached skill level 8 in Stealth
  7214 | D:6      | Noticed a +0 spear
  7240 | D:6      | Found a hide-covered altar of Uskayaw.
  7418 | D:6      | Reached * piety under Dithmenos
  8111 | D:7      | Noticed Prince Ribbit
  8114 | D:7      | Killed Prince Ribbit
  8115 | D:7      | Reached skill level 9 in Stealth
  8252 | D:7      | Reached XP level 10. HP: 59/59 MP: 10/10
  8405 | D:7      | Reached skill level 1 in Evocations
  8690 | D:7      | Found a runed translucent door.
  9076 | D:7      | Noticed Dowan
  9080 | D:7      | Noticed Duvessa
  9112 | D:7      | Killed Duvessa
  9129 | D:7      | Killed Dowan
  9130 | D:7      | Reached skill level 10 in Short Blades
  9289 | D:7      | Noticed Crazy Yiuf
  9292 | D:7      | Killed Crazy Yiuf
  9354 | D:8      | Reached skill level 10 in Stealth
  9357 | D:8      | Reached ** piety under Dithmenos
  9561 | D:8      | Learned a level 3 spell: Tukima's Dance
  9674 | D:8      | Reached skill level 1 in Invocations
  9943 | D:8      | Identified a scroll of acquirement
  9943 | D:8      | Acquired the amulet "Kiphoj Nineo" {Reflect rPois rC+++
                  | Str-5 SH+5 SInv}
 10130 | D:8      | You fall into a shaft and drop 2 floors!
 10130 | D:10     | Entered Level 10 of the Dungeon
 10133 | D:10     | Noticed Sonja
 10136 | D:10     | Killed Sonja
 10251 | D:10     | Reached skill level 10 in Dodging
 10251 | D:10     | Reached XP level 11. HP: 47/63 MP: 13/13
 10270 | D:10     | Reached skill level 11 in Stealth
 10277 | D:10     | Reached skill level 5 in Evocations
 10547 | D:10     | Reached *** piety under Dithmenos
 10564 | D:10     | Found a glowing golden altar of the Shining One.
 10806 | D:10     | Noticed Nergalle
 10825 | D:10     | Killed Nergalle
 10909 | D:10     | Found an opulent altar of Gozag.
 11147 | D:9      | Reached skill level 12 in Stealth
 11181 | D:9      | Reached skill level 5 in Invocations
 11232 | D:9      | Noticed a two-headed ogre
 11254 | D:9      | Killed a two-headed ogre
 11553 | D:9      | Reached **** piety under Dithmenos
 12277 | D:11     | Reached XP level 12. HP: 68/68 MP: 16/16
 12324 | D:11     | Found a staircase to the Lair.
 12338 | D:11     | Noticed Psyche
 12342 | D:11     | Killed Psyche
 13113 | D:11     | Noticed a two-headed ogre
 13135 | D:11     | Killed a two-headed ogre
 13179 | D:12     | Found a staircase to the Orcish Mines.
 13328 | D:12     | Noticed a four-headed hydra
 13342 | D:12     | Noticed a two-headed ogre
 13350 | D:12     | Killed a four-headed hydra
 13351 | D:12     | Reached skill level 13 in Stealth
 13355 | D:12     | Noticed a six-headed hydra
 13382 | D:12     | Killed a two-headed ogre
 13382 | D:12     | Noticed a centaur warrior
 13408 | D:12     | Identified the ring of Leaves {+Blink rF+ EV+4 Int-5
                  | Stlth+}
 13412 | D:12     | Killed a six-headed hydra
 13413 | D:12     | Killed a centaur warrior
 13417 | D:12     | Noticed a four-headed hydra
 13471 | D:12     | Shot with a bolt by a yaktaur

Illustrated notes

Levels and vault maps discovered:
D:1:      sevenhm_arrival_forest_fort_small_4, layout_loops_ring,
          hellmonk_ecumenical_altar_dog_temple
D:2:      layout_loops_ring, grunt_decor_arrowhead, minmay_lizard_king
D:3:      layout_loops_cross, minmay_overflow_temple_hex, uniq_terence,
          uniq_robin, uniq_natasha, uniq_grinder
D:4:      layout_loops_ring, gup_sewer_entry_glass, moated_statue
D:5:      layout_loops_corners, nicolae_overflow_crystal_walls,
          kennysheep_vampire_church, temple_statues, dk_vineyard_3
D:6:      minmay_bubble_buster, layout_basic, nicolae_uskayaw_en_pointe,
          old_standard_altar, nicolae_qazlal_scattered_showers,
          minmay_misc_feat_roman, nicolae_wooded_promenade, minivault_19
D:7:      layout_basic, hangedman_abyss_or_decor_lesser_grid, glass_columns_a,
          uniq_crazy_yiuf_cottage, uniq_duvessa, uniq_prince_ribbit1
D:8:      layout_rooms
D:9:      layout_roguey, hellmonk_bongcloud_opening
D:10:     layout_cave_pools, mainiacjoe_overflow_paths,
          mainiacjoe_overflow_tiny_flanked, uniq_nergalle, uniq_sonja
D:11:     layout_irregular_city, dpeg_oklobed_lair, uniq_psyche
D:12:     minmay_the_grid_octo_tiled_octocenter_mashed
          [minmay_the_grid_octo_horde, minmay_the_grid_octo_checkerflower,
          minmay_the_grid_octo_vomiting_pacman, minmay_the_grid_octo_77,
          minmay_the_grid_octo_prize_star, minmay_the_grid_square_5x5_inner_i,
          minmay_the_grid_square_5x5_bridge,
          minmay_the_grid_square_5x5_pentomino_r,
          minmay_the_grid_square_5x5_minibox], layout_loops_ring, david_orc_3,
          minivault_8, uniq_snorg, uniq_maurice
Temple:   jpeg_temple_island

Skill      XL: |  1  2  3  4  5  6  7  8  9 10 11 12 |
---------------+-------------------------------------+-----
Stealth        | 1 2 3 5 7 9 10 12 13 | 13.5
Dodging        | 4 5 6 7 8 10 11 12 | 12.0
Fighting       | 3 4 5 |  5.0
Short Blades   | 5 6 8 9 10 11 12 | 12.8
Armour         | 2 4 |  4.0
Evocations     | 4 7 8 |  8.5
Invocations    | 3 5 7 |  7.0
Throwing       | |  2.1

Action                   |  1- 3 |  4- 6 |  7- 9 | 10-12 || total
-------------------------+-------+-------+-------+-------++-------
Melee: Rapier            |    54 |   146 |   277 |   822 ||  1299
       Unarmed           |       |       |       |    11 ||    11
Throw: Throwing net      |       |     1 |     1 |     1 ||     3
Evoke: Wand              |       |       |       |    17 ||    17
  Use: Scroll            |       |     4 |     5 |    18 ||    27
       Potion            |       |     1 |       |     3 ||     4
 Stab: Sleeping          |     6 |    12 |    32 |    37 ||    87
       Held in net/web   |       |     1 |       |       ||     1
       Distracted        |       |     1 |     1 |     1 ||     3
       Paralysed         |       |       |       |     1 ||     1
Armor: Leather armour    |    15 |    25 |    16 |       ||    56
       Troll leather arm |       |       |    30 |    63 ||    93
       Skin              |       |       |       |     1 ||     1
Dodge: Dodged            |    41 |   137 |   234 |   686 ||  1098
Block: Other             |       |       |       |    99 ||    99

Table legend: (Time is in decaauts)
 A = Elapsed time spent in this place.
 B = Non-inter-level travel time spent in this place.
 C = Inter-level travel time spent in this place.
 D = Time resting spent in this place.
 E = Time spent auto-exploring this place.
 F = Levels seen in this place.
 G = Mean time per level.
                   A        B        C        D        E       F      G
               +--------+--------+--------+--------+--------+-----+--------+
         Total |  13162 |  12611 |    551 |   1795 |   8471 |  14 |  940.1 |
       Dungeon |  12727 |  12206 |    521 |   1672 |   8344 |  12 | 1060.6 |
        Temple |    176 |    146 |     30 |      0 |    127 |   1 |  176.0 |
         Sewer |    258 |    258 |      0 |    123 |      0 |   1 |  258.0 |
               +--------+--------+--------+--------+--------+-----+--------+

Top non-repeatable levels by time:
     D:3: 1790 daAuts
     D:7: 1367 daAuts
     D:5: 1270 daAuts
     D:2: 1264 daAuts
     D:6: 1202 daAuts
     D:1: 1178 daAuts
     D:8: 937 daAuts
     D:9: 889 daAuts
     D:4: 881 daAuts
    D:11: 871 daAuts
    D:10: 822 daAuts
   Sewer: 258 daAuts
    D:12: 250 daAuts
  Temple: 176 daAuts
